 Dungeon Crawl Stone Soup version 0.26-a0-663-g36e8fdb655 (webtiles) character file.

Game seed: 7969985805751785916

28 Napalmbreeze the Skirmisher (level 2, 0/29 HPs)
             Began as a Troll Fighter on Oct 12, 2020.
             Slain by Sigmund
             ... wielding a +0 scythe
              (11 damage)
             ... on level 2 of the Dungeon.
             The game lasted 00:00:51 (684 turns).

Napalmbreeze the Skirmisher (Troll Fighter)          Turns: 684, Time: 00:00:51

Health: 0/29       AC:  6    Str: 23    XL:     2   Next: 96%
Magic:  1/1        EV:  8    Int:  4    God:
Gold:   55         SH:  8    Dex:  9    Spells: 1/1 levels left

rFire    . . .     SeeInvis .     - Unarmed
rCold    . . .     Faith    .   b - +0 kite shield
rNeg     . . .     Spirit   .   a - +0 robe
rPois    .         Reflect  .   (helmet restricted)
rElec    .         Harm     .   (no cloak)
rCorr    .         Rampage  .   (gloves unavailable)
MR       .....                  (boots unavailable)
Stlth    +.........             (no amulet)
HPRegen  0.49/turn              (no ring)
MPRegen  0.07/turn              (no ring)

@: mighty
A: large, unfitting armour, claws 3, regeneration 1, shaggy fur 1, tough skin 3
a: no special abilities


You were on level 2 of the Dungeon.
You visited 1 branch of the dungeon, and saw 2 of its levels.

You collected 55 gold pieces.

Inventory:

Armour
 a - a +0 robe (worn)
 b - a +0 kite shield (worn)
Jewellery
 e - an uncursed amulet of faith {unknown}
Scrolls
 d - 2 scrolls of noise {unknown}
 f - a scroll of blinking {unknown}
 g - a scroll of amnesia {unknown}
Potions
 h - a potion of curing {unknown}


   Skills:
 + Level 2.8 Fighting
 - Level 2.4 Dodging
 + Level 2.8 Shields
 + Level 2.5 Unarmed Combat


You had one spell level left.
You didn't know any spells.
Your spell library was empty.

Dungeon Overview and Level Annotations

Branches:
Dungeon (2/15)

Altars:
Xom

Annotations:
D:2 Sigmund


Innate Abilities, Weirdness & Mutations

You are too large for most types of armour.
You have claws for hands.
Your natural rate of healing is unusually fast.
You are covered in fur. (AC +1)
You have extremely tough skin. (AC +3)


Message History

Sigmund barely misses you. You block the rat's attack.
Found a glowing cabochon amulet.
You see here a hand axe.
You barely miss Sigmund. Sigmund casts a spell at you. The magic dart hits you.
The rat barely misses you.
You closely miss Sigmund. Sigmund hits you with a +0 scythe!
You block the rat's attack.
You feel very mighty all of a sudden. The rat bites you but does no damage.
Sigmund mumbles some strange words.
Sigmund flickers and vanishes!
Deactivating autopickup; reactivate with Ctrl-A.
You barely miss something. You block the rat's attack. Something hits you.
You barely miss something. You block the rat's attack.
You closely miss something. Something hits you but does no damage.
The rat bites you but does no damage.
You miss something. The rat barely misses you. Something hits you!
You die...

......... _.# #.......#
..# ......$.# #.#
...(....# #.# ".......#
#.#
........###<############
#.$...r...............
#..{@.........#######
#..#####.####.# #
#..........##.# #
##.#####....#.# #
###..#.# #####
..#.###.... ).......†.#
.#.###.#.# .#.# #.#<#


You could see a rat.

Vanquished Creatures
  An adder (D:2)
  2 dart slugs (D:1)
  A leopard gecko (D:1)
  2 goblins (D:1)
  3 jackals (D:1)
  A kobold (D:1)
  A ball python (D:1)
  A frilled lizard (D:1)
  A rat (D:2)
13 creatures vanquished.

Notes
Turn   | Place    | Note
-------+----------+-------------------------------------------
     0 | D:1      | Napalmbreeze the Troll Fighter began the quest for the Orb.
     0 | D:1      | Reached XP level 1. HP: 22/22 MP: 0/0
   260 | D:1      | Reached XP level 2. HP: 29/29 MP: 1/1
   672 | D:2      | Found a shimmering altar of Xom.
   673 | D:2      | Noticed Sigmund
   684 | D:2      | Slain by Sigmund

Illustrated notes

Levels and vault maps discovered:
D:1:      heliophobic_arrival_ceremonial_halls, layout_basic, dk_noncrumbling_4
D:2:      layout_loops_ring, nicolae_gozag_seed_capital,
          brannock_xom_greatest_gift, uniq_sigmund

Action                   || total
-------------------------++-------
Melee: Unarmed           ||    36
  Use: Potion            ||     1
Armor: Robe              ||     9
Dodge: Dodged            ||    11
Block: Kite shield       ||    15

Table legend: (Time is in decaauts)
 A = Elapsed time spent in this place.
 B = Non-inter-level travel time spent in this place.
 C = Inter-level travel time spent in this place.
 D = Time resting spent in this place.
 E = Time spent auto-exploring this place.
 F = Levels seen in this place.
 G = Mean time per level.
                   A        B        C        D        E       F      G
               +--------+--------+--------+--------+--------+-----+--------+
         Total |    684 |    667 |     17 |     27 |    546 |   2 |  342.0 |
       Dungeon |    684 |    667 |     17 |     27 |    546 |   2 |  342.0 |
               +--------+--------+--------+--------+--------+-----+--------+

Top non-repeatable levels by time:
     D:1: 615 daAuts
     D:2: 69 daAuts
